 Dungeon Crawl Stone Soup version 0.27.0-1-g7a089689b8 (webtiles) character file.

Game seed: 9230371313447217587

85 inmateoo the Slasher (level 4, -8/28 HPs)
             Began as a Deep Elf Fighter on Aug 13, 2021.
             Killed by nerve-wracking pain
             ... invoked by an orc priest
              (13 damage)
             ... on level 2 of the Dungeon.
             The game lasted 00:02:29 (2156 turns).

inmateoo the Slasher (Deep Elf Fighter)             Turns: 2156, Time: 00:02:30

Health: -8/28      AC: 10    Str: 13    XL:     4   Next: 25%
Magic:  6/6        EV:  6    Int: 13    God:
Gold:   94         SH:  8    Dex: 15    Spells: 0/3 levels left

rFire    . . .     SeeInvis .   a - +1 long sword
rCold    + . .     Faith    .   c - +0 kite shield
rNeg     . . .     Spirit   .   b - +0 scale mail
rPois    .         Reflect  .   (no helmet)
rElec    .         Harm     .   (no cloak)
rCorr    .         Rampage  .   (no gloves)
Will     .....                  (no boots)
Stlth    ..........             (no amulet)
HPRegen  0.09/turn              k - +4 ring of protection
MPRegen  0.10/turn              g - ring of protection from cold

@: studying Spellcasting
A: no striking features
a: no special abilities


You were on level 2 of the Dungeon.
You visited 1 branch of the dungeon, and saw 3 of its levels.

You collected 94 gold pieces.

Inventory:

Hand Weapons
 a - a +1 long sword (weapon)
Armour
 b - a +0 scale mail (worn)
 c - a +0 kite shield (worn)
Jewellery
 g - a ring of protection from cold (right hand)
 k - a +4 ring of protection (left hand)
Wands
 j - a wand of acid (9)
Scrolls
 m - a scroll of amnesia
Potions
 d - a potion of might
 e - a potion of heal wounds {unknown}
 f - a potion of invisibility {unknown}
 h - 3 potions of haste
 i - 2 potions of curing
 l - a potion of brilliance {unknown}
 o - 2 potions of magic {unknown}


   Skills:
 + Level 3.1 Fighting
 * Level 3.5 Long Blades
 - Level 2.4 Armour
 - Level 2.4 Shields
 + Level 0.3 Spellcasting
 + Level 0.0 Necromancy


You couldn't memorise any spells.
You knew the following spells:

 Your Spells              Type           Power      Damage    Failure   Level
a - Vampiric Draining     Necr           0%         2d6       100%        3

Your spell library contained the following spells:

 Spells                   Type           Power      Damage    Failure   Level
 Animate Skeleton         Necr           0%         N/A       100%        1
 Pain                     Necr           0%         1d4       100%        1
 Summon Small Mammal      Summ           0%         N/A       100%        1
 Call Canine Familiar     Summ           0%         N/A       100%        3
 Summon Guardian Golem    Hex/Summ       0%         N/A       100%        3


Dungeon Overview and Level Annotations

Branches:
Dungeon (3/15)

Altars:


Message History

You slash the orc!
You kill the orc!
Things that are here:
a +0 mace; a +0 scale mail No target in view!
There is a stone staircase leading down here.
No target in view!
You see here a +0 club.
There is a stone staircase leading down here.
You start resting.
HP restored.
You climb downwards.
There is a stone staircase leading up here.
You hit the orc priest.
The orc priest is lightly wounded.
The orc priest hits you but does no damage.
The orc priest miscasts a cantrip.
The orc priest begins to cast a cantrip, but forgets the words!
You climb upwards.
There is a stone staircase leading down here.
You completely miss the orc priest.
The orc priest is lightly wounded.
The orc priest closely misses you.
You riposte.
You hit the orc priest.
The orc priest is moderately wounded.
You barely miss the orc priest.
The orc priest is moderately wounded.
The orc priest mumbles some strange prayers to Beogh against you.
Beogh smites you! You block the orc priest's attack.
You closely miss the orc priest.
The orc priest is moderately wounded.
The orc priest calls down the wrath of Beogh upon you.
Beogh smites you!
* * * LOW HITPOINT WARNING * * *
Aiming: Corrosive Bolt
Press: ? - help, Shift-Dir - straight line, f - orc priest
Aim: an orc priest, wielding a +0 flail (moderately wounded, 71% to hit)
The bolt of acid misses the orc priest.
The orc priest invokes the aid of Beogh against you.
Pain shoots through your body!
You die...

.......########.#
###############.#
#.........<.#
#.#########.# #.#
#.....################ #.#
#......>....##.†.....# #.#
###########§##.#####.#
#####.###############.##.#
#.#
...............[@o....##.#
#.#
#####.##.############.##.#
#.# ....#.##.# #§##.# #.#
###.#.##.# #####.#####.#
#.#.##.# #.....#.....#
#.#.##.#######
#.#####.#####
#.#|.........# #.# #.#
#.####.#####.#####.# #.#
#.####.###.........# #.#


You could see an orc priest.

Vanquished Creatures
  Jessica (D:2)
  A worm (D:2)
  2 dart slugs
  2 orcs (D:2)
  6 bats
  3 endoplasms (D:1)
  2 giant cockroaches
  3 hobgoblins (D:1)
  7 jackals
  3 kobolds
  A quokka (D:1)
  5 ball pythons
  8 frilled lizards
  A goblin (D:1)
  4 rats
49 creatures vanquished.

Vanquished Creatures (others)
  9 plants (D:1)
9 creatures vanquished.

Grand Total: 58 creatures vanquished

Notes
Turn   | Place    | Note
-------+----------+-------------------------------------------
     0 | D:1      | inmateoo the Deep Elf Fighter began the quest for the Orb.
     0 | D:1      | Reached XP level 1. HP: 13/13 MP: 3/3
   129 | D:1      | Reached XP level 2. HP: 5/18 MP: 4/4
   676 | D:1      | Reached XP level 3. HP: 15/22 MP: 5/5
  1125 | D:1      | Found a faded altar of an unknown god.
  1538 | D:2      | Noticed Jessica
  1546 | D:2      | Killed Jessica
  1547 | D:2      | Reached XP level 4. HP: 27/28 MP: 6/6
  2083 | D:2      | Identified a scroll of acquirement
  2085 | D:2      | Acquired a manual of Spellcasting
  2091 | D:2      | Learned a level 3 spell: Vampiric Draining
  2156 | D:2      | Killed from afar by an orc priest

Illustrated notes

Levels and vault maps discovered:
D:1:      pf_arrival_petrified_forest, layout_basic,
          hellmonk_ecumenical_altar_leap_of_faith, chequers_big_river,
          minmay_lizard_king
D:2:      layout_basic, uniq_jessica
D:3:      layout_basic, bloody_makhleb, kennysheep_vampire_church, serial_shops,
          shop, grunt_ministairs_10, saegor_snake_ambush, uniq_terence

Skill      XL: |  1  2  3 |
---------------+----------+-----
Long Blades    | 2 3 |  3.5
Fighting       | 3 |  3.1
Armour         | |  2.4
Shields        | |  2.4
Spellcasting   | |  0.3

Action                   |  1- 3 |  4- 6 || total
-------------------------+-------+-------++-------
Melee: Long sword        |   118 |    31 ||   149
Evoke: Wand              |       |     1 ||     1
  Use: Scroll            |     3 |     4 ||     7
Armor: Scale mail        |    70 |    18 ||    88
Dodge: Dodged            |    40 |    10 ||    50
Block: Kite shield       |    74 |    12 ||    86
       Rpst.: Long sword |    17 |     4 ||    21
